[Event "17th Delhi GM Open 2019-B"]
[Site "Delhi"]
[Date "2019.01.11"]
[Round "7"]
[White "Farzad, Khusraw"]
[Black "Aryan"]
[Result "0-1"]
[ECO "A01"]
[WhiteElo "1877"]
[BlackElo "1784"]
[Annotator "NA"]
[PlyCount "43"]
[EventDate "2019.01.09"]
[EventType "swiss"]
[EventCountry "IND"]
[SourceTitle "playchess.com"]
[Source "ChessBase"]
[SourceQuality "1"]
[TimeControl "3600+30"]

1. b3 b6 2. Bb2 Bb7 3. e3 e6 4. Nf3 f5 (4... Nf6 5. g3 Be7 6. Bg2 O-O 7. O-O c5 8. c4 d6 9. Nc3 Nbd7 10. d4 Ne4 11. d5 Nxc3 12. Bxc3 exd5 13. cxd5 Bf6 14. Rc1 Bxc3 15. Rxc3 Nf6 16. Nh4 Re8 17. Re1 Ne4 18. Rc4 Nf6 {0-1 (37) Giri,A (2734)-Ivanchuk,V (2753) Leon 2013}) 5. Be2 Nf6 6. O-O {[%emt 0:00:00] LiveBook: 3 Games. A01: Nimzowitsch-Larsen Opening} Nc6 7. h3 $146 ({Predecessor:} 7. d3 Qe7 8. Nbd2 Rg8 9. a4 g5 10. Nc4 d6 11. Nd4 Nd8 12. Bf3 {0-1 (26) Redhead,G-Oraha,Z London,Canada 1995}) 7... Bd6 8. Nc3 {[%emt 0:00:00] The position is equal.} a6 9. d4 Qe7 10. a3 O-O-O 11. b4 Rhg8 12. b5 axb5 13. Nxb5 g5 $1 14. Ne5 Bxe5 15. dxe5 Ne4 $1 16. Bf3 {[%emt 0:07:19] [#]} (16. g3 $17 {keeps fighting.}) 16... h5 (16... g4 $1 $19 {[%cal Rg4f3][%mdl 512] is more deadly.} 17. hxg4 Qh4) 17. Bxe4 $17 fxe4 18. Qxh5 {[%emt 0:00:00] [#]} (18. g3 $17 {was forced.}) 18... g4 $1 $19 19. g3 ({Don't go for} 19. hxg4 $2 Rh8 $19) 19... gxh3 (19... Rdf8 $19 {has better winning chances.} 20. a4 Qg7) 20. Qxh3 $2 (20. a4 $17 {might work better.}) 20... Rh8 21. Qg4 $2 (21. Nd6+ $19 cxd6 22. exd6) 21... Qh7 22. Qh4 {[%emt 0:00:00] Accuracy: White = 20%, Black = 63%.} 0-1

[Event "17th Delhi GM Open 2019-B"]
[Site "Delhi"]
[Date "2019.01.11"]
[Round "7"]
[White "Rivera Martinez, Luis Manu"]
[Black "Dhanush Ragav N S"]
[Result "0-1"]
[ECO "C82"]
[WhiteElo "1831"]
[BlackElo "1854"]
[Annotator "NA RC"]
[PlyCount "66"]
[EventDate "2019.01.09"]
[EventType "swiss"]
[EventCountry "IND"]
[SourceTitle "playchess.com"]
[Source "ChessBase"]
[SourceQuality "1"]
[TimeControl "3600+30"]

1. e4 e5 2. Nf3 Nc6 3. Bb5 a6 4. Ba4 Nf6 5. O-O Nxe4 6. d4 b5 7. Bb3 d5 8. dxe5 Be6 9. c3 Bc5 10. a4 {[%emt 0:00:00] LiveBook: 5 Games} O-O {[%emt 0:01:20] C82: Open Ruy Lopez: 9 c3 without 9...Be7} 11. Bf4 $146 ({Predecessor:} 11. axb5 axb5 12. Rxa8 Qxa8 13. Nbd2 Qa7 14. Qe2 {½-½ (14) Petrov,M (2421)-Todorovic,G (2462) Belgrade 2016}) 11... b4 12. Qd3 Na5 13. Bc2 b3 14. Bd1 Bf5 15. Nd4 Bg6 16. Qh3 Qb8 17. Bh5 (17. Nd2 $11) 17... Qb6 ({Black should try} 17... Nc4 $17 18. Bd1 Qb7) 18. Be3 (18. Nd2 $1 $15) 18... Nc4 19. a5 Nxa5 (19... Qb7 $17 20. Be2 Nxe3 21. Qxe3 f6) 20. f3 (20. Bxg6 $11 fxg6 21. Qd7) 20... Bxh5 21. fxe4 Nc4 22. exd5 Rae8 23. Qxh5 $2 (23. Qg3 Bg6 24. Nd2 Nxd2 25. Bxd2) 23... Nxe3 24. Rf4 (24. Ra4 $142 Nxf1 25. Kxf1) 24... Nxd5 $2 (24... Nc2 $19 {is more deadly.} 25. Ra4 Qb5 {[%mdl 64] Trapped Piece}) 25. Rh4 h6 26. Nd2 Rd8 27. Kh1 Bxd4 28. cxd4 Nb4 (28... Ne3 $19 29. Qe2 Nf5) 29. Qg4 $2 (29. Rf1 $17 Nd3 30. Rf6) 29... Nc2 30. Ra4 $2 (30. Rg1 {was worth a try.}) 30... Qb5 31. d5 Rxd5 {[%emt 0:00:26] Double Attack} 32. Nf3 Rd1+ 33. Ng1 Qf1 $19 0-1

[Event "17th Delhi GM Open 2019-B"]
[Site "Delhi"]
[Date "2019.01.11"]
[Round "7"]
[White "Dupit Tabu"]
[Black "Vishnu, DevYadav"]
[Result "1-0"]
[ECO "E04"]
[WhiteElo "1821"]
[BlackElo "1751"]
[Annotator "NA RC"]
[PlyCount "86"]
[EventDate "2019.01.09"]
[EventType "swiss"]
[EventCountry "IND"]
[SourceTitle "playchess.com"]
[Source "ChessBase"]
[SourceQuality "1"]
[TimeControl "3600+30"]

1. d4 Nf6 2. c4 e6 3. Nf3 d5 4. g3 dxc4 5. Bg2 c6 6. O-O b5 7. a4 {[%emt 0:00:00] E04: Open Catalan: 5 Nf3} Bb7 8. b3 (8. Ne5 a6 9. Nc3 Nd5 10. e4 Nxc3 11. bxc3 Be7 12. Rb1 Qc8 13. Qg4 g6 14. f4 Nd7 15. f5 Nxe5 16. dxe5 h5 17. Qf3 exf5 18. exf5 Qxf5 19. Qxc6+ Bxc6 20. Bxc6+ {½-½ (78) Inarkiev,E (2689)-Piorun,K (2651) Katowice 2017}) 8... cxb3 9. Qxb3 b4 10. a5 {[%emt 0:00:00] LiveBook: 3 Games} Qd5 ({Black should play} 10... c5 $15 11. Nbd2 Be7) 11. Qb2 $146 ({Predecessor:} 11. Qa4 Qb5 12. Qc2 Bd6 13. Re1 c5 14. Nbd2 O-O 15. e4 {0-1 (41) Simeonidis,I (2269)-Mastrovasilis,D (2384) Chania 1999}) 11... c5 12. dxc5 Bxc5 13. Bg5 O-O 14. Nbd2 Qf5 15. Nh4 Qxg5 16. Bxb7 Nbd7 17. Bxa8 Rxa8 18. Nhf3 Qg6 19. Nb3 ({White should play} 19. Rac1 $16) 19... Be7 20. Rac1 Nd5 {[%emt 0:03:13] [#]} 21. Qc2 ({White should try} 21. Rc4 $1 $16) 21... Nc3 22. Rfe1 Rd8 (22... Qh5 $1 $15) 23. Nfd4 Nb8 (23... Kf8 $14) 24. e3 Qg4 {[%emt 0:01:50] [#]} ({Better is} 24... Qxc2 $14 25. Rxc2 g6) 25. Ne2 $1 Ne4 (25... Qc4 {is a better defense.}) 26. Nbd4 (26. Red1 $18 Rf8 27. Nbd4) 26... Ng5 27. f4 Nf3+ 28. Nxf3 Qxf3 29. Nd4 Qh5 (29... Qd5 {is a better defense.} 30. Qc7 Bf6 31. Qxa7 h6) 30. Qc7 $1 Bf6 31. Qxa7 h6 32. a6 (32. Qb6 $142) 32... e5 $2 (32... Nxa6 33. Qb6 (33. Qxa6 Rxd4 34. Rc8+ Kh7 $16) 33... Kh7) 33. fxe5 Bxe5 34. Qb6 Re8 35. Qb5 Rd8 36. a7 Nd7 37. Qxd7 Rxd7 38. a8=Q+ Kh7 39. Qe4+ g6 40. Rc5 f6 41. Nf3 b3 42. Nxe5 fxe5 43. Rxe5 Qh3 1-0

[Event "17th Delhi GM Open 2019-B"]
[Site "Delhi"]
[Date "2019.01.11"]
[Round "7"]
[White "Sharsha Backer"]
[Black "Dhanasekar, K.."]
[Result "1-0"]
[ECO "D36"]
[WhiteElo "1812"]
[BlackElo "1694"]
[Annotator "NA RC"]
[PlyCount "93"]
[EventDate "2019.01.09"]
[EventType "swiss"]
[EventCountry "IND"]
[SourceTitle "playchess.com"]
[Source "ChessBase"]
[SourceQuality "1"]
[TimeControl "3600+30"]

1. d4 d5 2. c4 e6 3. Nc3 Nf6 4. cxd5 exd5 5. Bg5 c6 6. e3 Nbd7 7. Bd3 Bd6 8. Nf3 O-O 9. Qc2 h6 10. Bh4 Re8 11. O-O-O Qa5 {[%emt 0:00:00] D36: Queen's Gambit Declined: Exchange Variation: Main line (5 Bg5 c6 6 Qc2)} 12. Kb1 {[%emt 0:00:00] LiveBook: 6 Games} Bb4 (12... Ne4 $5) 13. Nd2 b5 $146 ({Predecessor:} 13... Bxc3 14. Qxc3 Qxc3 15. bxc3 Ne4 16. Nxe4 dxe4 17. Be2 Nb6 18. c4 Be6 19. Rc1 {1-0 (34) Dragnev,V (2499)-Wallner,J (2311) Vienna 2018}) 14. Rhg1 Bxc3 15. Qxc3 Qxc3 16. bxc3 Ne4 17. Nxe4 dxe4 18. Be2 Nb6 19. g4 g6 20. Rc1 Be6 21. Bg3 Bc4 22. Bd1 a5 23. Re1 Nd5 24. f3 b4 (24... exf3 $15 25. Bxf3 Bd3+ 26. Kb2 Be4) 25. cxb4 Bd3+ 26. Kb2 $1 axb4 27. fxe4 Nc3 ({Don't play} 27... Rxe4 $6 28. Rxc6 Nc3 29. Bb3 $16) 28. Bb3 Rxe4 29. Bd6 Rxg4 30. Bxb4 Nd5 31. Bd6 Rg2+ 32. Ka1 Bb5 (32... Be4 $1 $15) 33. e4 Ba4 34. Bxa4 Rxa4 35. a3 Nb6 $2 (35... Nc7 $11 {and Black has nothing to worry.}) 36. Bb4 ({Stronger than} 36. Rxc6 Nc4 $15) 36... Rxh2 (36... Nd7 {was necessary.} 37. Rxc6 Rf2) 37. Rxc6 Nd7 38. Rd6 $2 (38. Rc7 $18) 38... Ra7 39. e5 Kg7 (39... Rh5 $16) 40. d5 Rc7 $2 {[%emt 0:02:25] [#]} (40... Rh4 {was called for.} 41. Bc3 Rh3) 41. Rc6 $2 (41. e6 $1 $18 Ne5 42. Rb6) 41... Rb7 $2 (41... Rc2 $16) 42. e6 fxe6 43. dxe6 Nb8 {[%emt 0:00:46] [#]} 44. e7 $1 Nxc6 45. e8=Q (45. Bc3+ $142 Ne5 46. e8=Q g5 47. Qxe5+ Kg6 48. Qe4+ Kh5 49. Qf3+ g4 50. Re5+ Kh4 51. Be1+ Rf2 52. Bxf2+ g3 53. Qxg3#) 45... Nxb4 46. Qe5+ Kh7 47. Qxh2 1-0

[Event "17th Delhi GM Open 2019-B"]
[Site "Delhi"]
[Date "2019.01.11"]
[Round "7"]
[White "Praloy Sahoo"]
[Black "Deepak Batra"]
[Result "0-1"]
[ECO "B91"]
[WhiteElo "1795"]
[BlackElo "1607"]
[Annotator "NA RC"]
[PlyCount "74"]
[EventDate "2019.01.09"]
[EventType "swiss"]
[EventCountry "IND"]
[SourceTitle "playchess.com"]
[Source "ChessBase"]
[SourceQuality "1"]
[TimeControl "3600+30"]

1. e4 c5 2. Nf3 d6 3. d4 cxd4 4. Nxd4 Nf6 5. Nc3 a6 6. g3 e5 7. Nb3 Nbd7 8. a4 b6 9. Bg2 Bb7 10. O-O Rc8 11. Re1 Be7 12. Nd2 Rc5 13. Nf1 Qa8 14. Be3 Rc7 15. Bg5 h6 16. Bxf6 Nxf6 17. Ne3 g6 18. Qd3 O-O 19. Rad1 Rfc8 20. Bh3 Rxc3 21. bxc3 Bxe4 22. Qd2 Rc5 23. c4 Kg7 24. Rb1 Qc6 25. Rb4 Ra5 26. Reb1 Bd8 27. Rd1 Bc7 28. Qe1 Qe8 29. Qc3 Bc6 30. Nd5 Bxd5 31. cxd5 Nxd5 32. Rxd5 Rxd5 33. Qxc7 Rd1+ 34. Kg2 Qa8+ 35. f3 Rd2+ 36. Kg1 Qxf3 37. Qxb6 Rd1+ 0-1

[Event "17th Delhi GM Open 2019-B"]
[Site "Delhi"]
[Date "2019.01.11"]
[Round "7"]
[White "Soham Dey"]
[Black "Sham R"]
[Result "0-1"]
[ECO "B84"]
[WhiteElo "1794"]
[BlackElo "1590"]
[Annotator "NA RC"]
[PlyCount "107"]
[EventDate "2019.01.09"]
[EventType "swiss"]
[EventCountry "IND"]
[SourceTitle "playchess.com"]
[Source "ChessBase"]
[SourceQuality "1"]
[TimeControl "3600+30"]

1. e4 c5 2. Nf3 e6 3. d4 cxd4 4. Nxd4 Nf6 5. Nc3 d6 6. Be2 a6 7. O-O Qc7 8. Be3 b5 9. a3 Bb7 10. Qd3 Nbd7 11. f3 Be7 12. Qd1 d5 13. exd5 Nxd5 14. Nxd5 Bxd5 15. f4 Rc8 16. c3 O-O 17. Bf3 Nb6 18. Bxd5 Nxd5 19. Qf3 Rfd8 20. Rad1 g6 21. Kh1 Nxe3 22. Qxe3 Bc5 23. Rd2 Bxd4 24. cxd4 Qc4 25. Rfd1 Rd5 26. h3 Rcd8 27. Kh2 a5 28. Rd3 Qc7 29. g3 Kg7 30. Qd2 Qb6 31. b4 axb4 32. Qxb4 Ra8 33. Rb1 Qc6 34. Rbd1 Ra4 35. Qb2 Rc4 36. R1d2 Rc1 37. Rg2 Qc4 38. Qd2 h5 39. Qe2 Kh7 40. Qe3 Rd7 41. g4 h4 42. Rdd2 Ra7 43. Qf2 Rxa3 44. Qxh4+ Kg7 45. Qf2 Rcc3 46. Qe2 Rxh3+ 47. Kg1 Ra1+ 48. Kf2 Qc1 49. f5 Rh1 50. fxe6 Rf1+ 51. Kg3 Ra3+ 52. Kh4 Rh1+ 53. Kg5 f6+ 54. Kf4 0-1

[Event "17th Delhi GM Open 2019-B"]
[Site "Delhi"]
[Date "2019.01.11"]
[Round "7"]
[White "Sai Kiran Y"]
[Black "Koustav Chakraborty"]
[Result "1/2-1/2"]
[ECO "B76"]
[WhiteElo "1732"]
[BlackElo "1898"]
[Annotator "NA RC"]
[PlyCount "107"]
[EventDate "2019.01.09"]
[EventType "swiss"]
[EventCountry "IND"]
[SourceTitle "playchess.com"]
[Source "ChessBase"]
[SourceQuality "1"]
[TimeControl "3600+30"]

1. e4 c5 2. Nf3 d6 3. d4 cxd4 4. Nxd4 Nf6 5. Nc3 g6 6. Be3 Bg7 7. f3 O-O 8. Qd2 Nc6 9. O-O-O d5 10. Qe1 e5 11. Nxc6 bxc6 12. exd5 Nxd5 13. Bc4 Be6 14. Ne4 {[%emt 0:00:00] LiveBook: 164 Games} Qc8 {[%emt 0:00:00] B76: Sicilian Dragon: Yugoslav Attack, 9 g4 and 9 0-0-0} 15. Bc5 Rd8 16. Qh4 a5 $146 ({Predecessor:} 16... h6 17. g4 Qc7 18. g5 h5 19. Qf2 Qa5 20. Qe1 Qc7 21. Qf2 Qa5 22. Bd6 Rxd6 23. Nxd6 {0-1 (29) Sax,G (2609)-Mohr,G (2488) Maribor 2000}) 17. g4 Rd7 (17... a4 $14) 18. g5 ({White should try} 18. Ng5 $16 h6 19. Nxe6 fxe6 20. g5) 18... Nf4 19. Rxd7 Qxd7 20. Rd1 (20. Bxe6 $1 $14 Qxe6 21. Kb1) 20... Bd5 21. Be3 Ng2 22. Qf2 Nxe3 23. Qxe3 Rd8 (23... Qe6 $11 24. Nc5 Qh3 25. Bxd5 cxd5) 24. Qc5 a4 25. Nc3 Qf5 26. Bxd5 Qxg5+ 27. Kb1 cxd5 28. Nxd5 Bf8 29. Qa5 Rd6 30. a3 Qf5 31. Qxa4 Qxf3 32. c4 Kg7 (32... Re6 $1 $15) 33. Qc2 Rc6 $1 34. Re1 Re6 ({Black should try} 34... Rc8 $11) 35. Rg1 Bc5 36. Rg3 Qf1+ 37. Ka2 {[%emt 0:00:00] [#]} Bd4 (37... e4 $1 $17) 38. Ne3 Bxe3 39. Rxe3 Qh1 40. Qe2 e4 41. c5 ({White should try} 41. Qd2 $16) 41... Qg1 42. Rxe4 Rxe4 43. Qxe4 Qxc5 44. h4 f5 45. Qb7+ {[%emt 0:00:09] [#]} (45. Qf4 $11) 45... Kh6 $1 46. Qf7 Qe3 ({Black should try} 46... Qe5 $17 47. a4 f4) 47. a4 $1 f4 48. a5 f3 49. a6 $11 f2 50. a7 f1=Q 51. Qxf1 Qxa7+ 52. Kb1 Qe7 53. Qc4 Kh5 54. b4 1/2-1/2

[Event "17th Delhi GM Open 2019-B"]
[Site "Delhi"]
[Date "2019.01.11"]
[Round "7"]
[White "Mandloi, Mukesh"]
[Black "Heikrujam Jacky Singh"]
[Result "0-1"]
[ECO "A30"]
[WhiteElo "1726"]
[BlackElo "1870"]
[Annotator "NA"]
[PlyCount "96"]
[EventDate "2019.01.09"]
[EventType "swiss"]
[EventCountry "IND"]
[SourceTitle "playchess.com"]
[Source "ChessBase"]
[SourceQuality "1"]
[TimeControl "3600+30"]

1. d4 Nf6 2. Nf3 c5 3. e3 b6 4. c4 g6 5. Nc3 Bg7 6. g3 ({White should try} 6. d5 $14) 6... Bb7 7. Bg2 O-O 8. O-O Ne4 {[%emt 0:00:00] LiveBook: 12 Games} 9. Qc2 {[%emt 0:00:00] A30: Symmetrical English: Double Fianchetto and Hedgehog} (9. Bd2 cxd4 10. exd4 Nxd2 11. Qxd2 Bxf3 12. Bxf3 Nc6 13. Ne2 e6 14. Rac1 Rc8 15. Rc3 Ne7 16. Rfc1 Nf5 {0-1 (42) Macieja,B (2651)-Sargissian,G (2677) Khanty-Mansiysk 2010}) 9... Nxc3 10. bxc3 Nc6 11. Nd2 Qc7 $146 ({Predecessor:} 11... cxd4 12. cxd4 Rc8 13. Qa4 Rc7 14. Ba3 d6 15. Rab1 Qa8 16. Bd5 Rfc8 {½-½ (41) Iliesco,J-Guimard,C Mar del Plata 1944}) 12. Nb3 d6 13. Re1 Rac8 14. Bh3 (14. d5 $15 Ne5 15. Nd2) 14... Rcd8 15. d5 Ne5 16. Nd2 Bc8 17. Bxc8 Qxc8 18. f4 Ng4 19. h3 Nf6 20. Kg2 Rfe8 21. e4 e6 22. Nf3 Nd7 ({Black should try} 22... exd5 $17 23. cxd5 Rd7) 23. Bb2 Qa6 24. Qb3 {[%emt 0:04:51] [#]} (24. dxe6 $15 Rxe6 25. Qd3) 24... exd5 $1 25. exd5 Nf6 26. Rad1 Ne4 27. Rd3 Re7 28. Ne5 $2 (28. Rde3 $11 {and White has nothing to worry.} f5 29. Ng5) 28... Nf6 ({Less strong is} 28... dxe5 29. Rxe4 Rde8 30. Bc1 $15) 29. Nf3 Rxe1 30. Nxe1 Re8 31. Nf3 Re4 32. Nd2 Re2+ 33. Kf3 Rh2 34. Nf1 Rxh3 35. Kg2 Qc8 36. Qd1 Rh5 37. Qf3 Qa6 38. Ne3 Qxa2 39. Rd2 Qb1 40. Nd1 (40. Nf1 $142 Ne4 41. Re2) 40... Ne4 41. Rd3 Qc2+ 42. Kg1 Qh2+ (42... f5 $142 43. Bc1 Rh3) 43. Kf1 Nd2+ 44. Rxd2 Qxd2 45. Kg1 Qe1+ 46. Kg2 Qh1+ 47. Kf2 Rh2+ 48. Ke3 Qe1+ 0-1